 Dungeon Crawl Stone Soup version 0.30-a0-883-g5ad918d77d (webtiles) character file.

Game seed: 1560190875061705207

354 oldriver the Digger (level 6, -5/50 HPs)
             Began as a Draconian Earth Elementalist on Mar 17, 2023.
             Shot with an arrow by a centaur (7 damage)
             ... on level 5 of the Dungeon.
             The game lasted 00:03:15 (3193 turns).

oldriver the Digger (Draconian Earth Elementalist)  Turns: 3193, Time: 00:03:16

Health: -5/50      AC:  7    Str:  7 (10) XL:     6   Next: 35%
Magic:  11/11      EV: 11    Int: 18 (20) God:
Gold:   103        SH:  0    Dex:  8 (11) Spells: 6/12 levels left

rFire   . . .      SeeInvis .    u - +7 sling "Tath" {flame, rCorr Int+2}
rCold   . . .      Faith    .    (no shield)
rNeg    . . .      Spirit   .    (body armour unavailable)
rPois   .          Reflect  .    (helmet restricted)
rElec   .          Rampage  .    (no cloak)
rCorr   +                        (no gloves)
Will    .....                    w - +0 pair of boots
Stlth   +                        (no amulet)
HPRegen 0.28/turn                (no ring)
MPRegen 0.12/turn                (no ring)

@: invisible
A: AC +6, unfitting armour, cold-blooded
a: no special abilities


You were on level 5 of the Dungeon.
You visited 1 branch of the dungeon, and saw 5 of its levels.

You collected 103 gold pieces.

Inventory:

Hand Weapons
 u - the +7 sling "Tath" (weapon) {flame, rCorr Int+2}
   (You found it on level 4 of the Dungeon)

   Int:       It affects your intelligence (+2).
   rCorr:     It protects you from acid and corrosion.
Missiles
 f - 12 atropa-tipped darts
 s - 2 poisoned darts
Armour
 w - a +0 pair of boots (worn)
Magical Staves
 r - a staff of poison
Wands
 h - a wand of flame (13)
 x - a wand of polymorph (8)
Scrolls
 c - a scroll of enchant weapon {unknown}
 e - 2 scrolls of identify {unknown}
 g - a scroll of magic mapping
 j - 2 scrolls of fog {unknown}
 m - 2 scrolls of teleportation {unknown}
 n - a scroll of silence {unknown}
 o - 2 scrolls of fear {unknown}
 v - a scroll of poison {unknown}
Potions
 a - a potion of magic
 b - a potion of might {unknown}
 d - a potion of haste {unknown}
 i - a potion of berserk rage {unknown}
 k - a potion of invisibility
 l - a potion of degeneration
 p - 2 potions of lignification {unknown}
 q - a potion of heal wounds {unknown}
 t - a potion of flight {unknown}


   Skills:
 + Level 2.4 Fighting
 * Level 2.9 Ranged Weapons
 - Level 1.7 Dodging
 - Level 1.7 Stealth
 - Level 3.6 Spellcasting
 - Level 1.0 Transmutations
 - Level 4.5 Earth Magic


You had 6 spell levels left.
You knew the following spells:

 Your Spells              Type           Power      Damage    Failure   Level
a - Sandblast             Erth           38%        2d10      2%          1
b - Passwall              Tmut/Erth      10%        N/A       8%          2
c - Stone Arrow           Conj/Erth      22%        3d8       19%         3

Your spell library contained the following spells:

 Spells                   Type           Power      Damage    Failure   Level
 Portal Projectile        Hex/Tloc       6%         N/A       41%         3
 Tukima's Dance           Hex            3%         N/A       41%         3
 Petrify                  Tmut/Erth      13%        N/A       43%         4
 Blade Hands              Tmut           3%         N/A       95%         5


Dungeon Overview and Level Annotations

Branches:
Dungeon (5/15)
 Temple: D:4-7

Altars:
Okawaru

Shops:
D:5 *


Innate Abilities, Weirdness & Mutations

Your plain brown scales are hard. (AC +6)
You cannot fit into any form of body armour.
You are cold-blooded and may be slowed by cold attacks.


Message History

You shoot a sling bullet. The sling bullet barely misses the orc.
The sling bullet barely misses the orc priest.
The orc hits you but does no damage. The orc closely misses you.
You shoot a sling bullet. The sling bullet hits the orc!
The sling bullet burns the orc.
You kill the orc!
The centaur shoots an arrow.
The arrow hits you.
A hound comes into view.
The centaur shoots an arrow.
The arrow hits you!
You are too injured to fight recklessly!
You are too injured to fight recklessly!
You are too injured to fight recklessly!
Fire: u) +7 sling "Tath" {flame, rCorr Int+2}
Press: ? - help, Shift-Dir - straight line, f - orc priest
Aim: an orc priest, wielding a +0 whip (64% to hit)
You shoot a sling bullet.
The sling bullet barely misses the orc priest.
The hound barks!
The centaur shoots an arrow.
The arrow hits you. The orc priest hits you with a +0 whip.
Aiming: Polymorph
Press: ? - help, Shift-Dir - straight line, f - centaur, p - orc priest
Aim: a centaur, wielding a +0 shortbow (will become a steam dragon, a boggart, or a scorpion, chance to affect: 49%)
The centaur resists with some effort.
The centaur shoots an arrow.
The arrow hits you. The orc priest hits you with a +0 whip.
The centaur shoots an arrow.
The arrow hits you!
* * * LOW HITPOINT WARNING * * *
Okay, then.
It was a potion of invisibility.
You fade into invisibility!
The centaur shoots an arrow.
The arrow hits you!
* * * LOW HITPOINT WARNING * * *
The orc priest barely misses you.
Unknown command.
It was a potion of degeneration.
There was something very wrong with that liquid.
You feel weakened.
You feel dopey.
You feel clumsy.
The centaur shoots an arrow.
The arrow closely misses the hound.
The arrow hits you!
You die...

**,,***,,,*,*,,,,**********,
*,,**∩+,,,..#.............,,
*,,,***,,,#.#..,.........##,
*,,,.**,,*#.#..,*..........,
**,,..*,**#...,,*,.......#*,
**,...**,+..#***##......##.
**,#..**#..* #..........
*.##..*#o#* ##.........∩
*......#@# ##....<......
***,,#..h####............
**,#....>...#...####...
**,,##..c..#.#.......,..
*,,,,##.#..###..#####*,,
***,,,,...#.##*#...* *,,,
*,,,,.....#.#**...## ***,,
**,,,##......,....#***,,,,
****,.............**,,,,,


You could see a centaur (unable to see you), a hound and an orc priest (unable
to see you).

Vanquished Creatures
  Eustachio (D:4)
  A howler monkey (D:4)
  An orc priest (D:3)
  An iguana (D:4)
  An orc wizard (D:5)
  3 adders
  A worm (D:3)
  5 dart slugs
  5 orcs
  4 ball pythons
  2 endoplasms
  3 giant cockroaches
  4 goblins
  4 hobgoblins
  4 kobolds
  2 quokkas
  3 bats
  5 frilled lizards
  4 rats
54 creatures vanquished.

Notes
Turn   | Place    | Note
-------+----------+-------------------------------------------
     0 | D:1      | oldriver the Draconian Earth Elementalist began the quest
                  | for the Orb.
     0 | D:1      | Reached XP level 1. HP: 14/14 MP: 3/3
   367 | D:1      | Reached XP level 2. HP: 20/20 MP: 3/5
  1052 | D:2      | Found an iron altar of Okawaru.
  1083 | D:2      | Reached XP level 3. HP: 26/26 MP: 4/7
  1594 | D:3      | Reached skill level 4 in Earth Magic
  1619 | D:3      | Reached XP level 4. HP: 28/33 MP: 5/8
  2038 | D:3      | Learned a level 2 spell: Passwall
  2042 | D:3      | Learned a level 3 spell: Stone Arrow
  2541 | D:4      | Reached XP level 5. HP: 34/38 MP: 5/10
  2701 | D:4      | Identified the +5 sling of the Final Decision {drain, rElec
                  | rPois rF- rN++}
  2715 | D:4      | Identified the +7 sling "Tath" {flame, rCorr Int+2}
  2949 | D:4      | Noticed Eustachio
  2961 | D:4      | Killed Eustachio
  2962 | D:4      | Reached XP level 6. HP: 25/48 MP: 11/11
  3172 | D:5      | Entered Level 5 of the Dungeon
  3172 | D:5      | Found Unook's Mass Market.
  3192 | D:5      | HP: 1/50 [centaur/arrow (7)]
  3193 | D:5      | Shot with an arrow by a centaur

Illustrated notes

Levels and vault maps discovered:
D:1:      minmay_arrival_five_plusses, layout_basic
D:2:      layout_basic, basic_altar
D:3:      layout_rooms, minmay_unequal
D:4:      layout_gridville, uniq_eustachio
D:5:      layout_cave_pools, nicolae_ossuary_entry_giza, minmay_shop_mass,
          nicolae_kite_square_tiling_tiny, minivault_25, solitary_fountain,
          chequers_serial_rivers_micro_c, minmay_shop_grid_forest

Skill      XL: |  1  2  3  4  5 |
---------------+----------------+-----
Spellcasting   | 3 |  3.6
Earth Magic    | 4 |  4.5
Fighting       | 2 |  2.4
Ranged Weapons | 2 |  2.9
Dodging        | |  1.7
Stealth        | |  1.7
Transmutations | |  1.0

Action                     |  1- 3 |  4- 6 || total
---------------------------+-------+-------++-------
  Melee: Unarmed           |     5 |       ||     5
         Tailslap          |     1 |       ||     1
   Fire: Sling             |       |    26 ||    26
   Cast: Sandblast         |    42 |    34 ||    76
  Evoke: Wand              |       |     1 ||     1
    Use: Potion            |       |     2 ||     2
         Scroll            |       |     1 ||     1
 Armour: Skin              |     7 |    14 ||    21
  Dodge: Dodged            |     8 |    31 ||    39

Table legend: (Time is in decaauts)
 A = Elapsed time spent in this place.
 B = Non-inter-level travel time spent in this place.
 C = Inter-level travel time spent in this place.
 D = Time resting spent in this place.
 E = Time spent auto-exploring this place.
 F = Levels seen in this place.
 G = Mean time per level.
                   A        B        C        D        E       F      G
               +--------+--------+--------+--------+--------+-----+--------+
         Total |   3238 |   3058 |    180 |     52 |   2642 |   5 |  647.6 |
       Dungeon |   3238 |   3058 |    180 |     52 |   2642 |   5 |  647.6 |
               +--------+--------+--------+--------+--------+-----+--------+

Top non-repeatable levels by time:
     D:3: 901 daAuts
     D:2: 821 daAuts
     D:4: 807 daAuts
     D:1: 686 daAuts
     D:5: 22 daAuts
